 Dungeon Crawl Stone Soup version 0.32-a0-13-gbaedc5810e (webtiles) character file.

Game seed: 10331271319788686488

171 Bnni the Apothecary (level 5, -2/34 HPs)
             Began as an Octopode Alchemist on Jan 15, 2024.
             Slain by a steam dragon (7 damage)
             ... on level 3 of the Dungeon.
             The game lasted 00:04:42 (2182 turns).

Bnni the Apothecary (Octopode Alchemist)            Turns: 2182, Time: 00:04:42

Health: -2/34      AC:  1    Str:  7    XL:     5   Next: 51%
Magic:  5/9        EV: 13    Int: 19    God:
Gold:   183        SH:  0    Dex: 13    Spells: 3/10 levels left

rFire   . . .        e - +0 short sword
rCold   . . .        i - orb {*channel}
rNeg    + . .        (helmet restricted)
rPois   .            (no amulet)
rElec   .            l - ring of positive energy
rCorr   .            o - ring of see invisible
SInv    +            (no ring)
Will    .....        (no ring)
Stlth   +++          (no ring)
HPRegen 0.25/turn    (no ring)
MPRegen 0.11/turn    (no ring)
                     (no ring)

%: channel magic (20%)
@: weakened, very slightly contaminated
A: almost no armour, amphibious, 8 rings, camouflage 1, gelatinous body 1,
(nimble swimmer 1), tentacles
a: no special abilities


You were on level 3 of the Dungeon.
You visited 1 branch of the dungeon, and saw 3 of its levels.

You collected 183 gold pieces.

Inventory:

Hand Weapons
 e - a +0 short sword (weapon)
Missiles
 c - 5 curare-tipped darts
Armour
 i - an orb of energy (worn)
Jewellery
 l - a ring of positive energy (left tentacle)
 o - a ring of see invisible (right tentacle)
Wands
 k - a wand of acid (9)
Scrolls
 d - 2 scrolls of teleportation {unknown}
 f - a scroll of identify {unknown}
 n - a scroll of blinking {unknown}
 p - a scroll of poison {unknown}
Potions
 a - a potion of magic
 b - 4 potions of curing {unknown}
 g - 2 potions of degeneration {unknown}
 h - 2 potions of attraction {unknown}
 j - 2 potions of mutation {unknown}
 m - a potion of invisibility {unknown}


   Skills:
 + Level 2.3 Fighting
 - Level 2.0 Dodging
 - Level 2.6 Stealth
 + Level 3.0 Spellcasting
 - Level 1.0 Conjurations
 * Level 5.2 Alchemy


You had 3 spell levels left.
You knew the following spells:

 Your Spells              Type           Power      Damage    Failure   Level
a - Sting                 Conj/Alch      56%        1d6       13%         1
b - Mercury Vapours       Alch/Air       24%        N/A       21%         2
d - Olgreb's Toxic Radia  Alch           22%        N/A       36%         4

Your spell library contained the following spells:

 Spells                   Type           Power      Damage    Failure   Level
 Mephitic Cloud           Conj/Alch/Air  10%        N/A       38%         3
 Hailstorm                Conj/Ice       4%         3d5       58%         3
 Summon Ice Beast         Ice/Summ       2%         N/A       63%         3
 Sticky Flame             Fire/Alch      12%        2d5       67%         4
 Sculpt Simulacrum        Ice/Alch       6%         N/A       100%        6


Dungeon Overview and Level Annotations

Branches:
Dungeon (3/15)

Altars:

Shops:
D:1 [*


Innate Abilities, Weirdness & Mutations

You cannot wear most types of armour.
You are amphibious.
You can wear up to eight rings at the same time.
Your skin changes colour to match your surroundings (Stealth+).
Your rubbery body absorbs attacks. (AC +1, EV +1)
((You are camouflaged when in or above water. (Stealth+)))
You have tentacles for arms and can constrict up to eight enemies at once.


Message History

Unknown command.
Aiming: Sting (safe; 13% risk of failure)
Press: ? - help, Q - select action, (/) - cycle Shift-Dir - straight line, f/p - steam dragon
Aim: a steam dragon (catching its breath, 71% to hit)
You miscast Sting.
Nothing appears to happen.
Magical energy flows into your mind!
Unknown command.
Unknown command.
Aiming: Sting (safe; 13% risk of failure)
Press: ? - help, Q - select action, (/) - cycle Shift-Dir - straight line, f/p - steam dragon
Aim: a steam dragon (71% to hit)
The sting hits the steam dragon.
The steam dragon is poisoned.
The steam dragon is lightly wounded.
The steam dragon misses you. The steam dragon claws you.
Aiming: Sting (safe; 13% risk of failure)
Press: ? - help, Q - select action, (/) - cycle Shift-Dir - straight line, f/p - steam dragon
Aim: a steam dragon (lightly wounded, poisoned, 71% to hit)
The sting hits the steam dragon.
The steam dragon looks even sicker.
The steam dragon is lightly wounded.
The steam dragon breathes steam at you. The ball of steam misses you.
Unknown command.
Casting: Sting (safe; 13% risk of failure)
Confirm with . or Enter, or press ? or * to list all spells.
Aiming: Mercury Vapours (safe; 21% risk of failure)
Press: ? - help, Dir - move target, f/p - steam dragon
Aim: a steam dragon (steam, lightly wounded, very poisoned, catching its breath, chance to weaken: 86%) Fumes of mercury billow around the steam dragon!
The steam dragon looks even sicker.
The steam dragon looks weaker.
You feel your attacks grow feeble.
You are engulfed in a cloud of scalding steam.
The steam dragon closely misses you. The steam dragon claws you.
Unknown command.
You hit the steam dragon but do no damage.
You squeeze the steam dragon.
The steam dragon is moderately wounded.
You are engulfed in a cloud of scalding steam.
* * * LOW HITPOINT WARNING * * *
The steam dragon bites you!
You die...

#.......#####.#
.......
##......#
#.####....
#......#
#.#......)
#......#
#.#.###.#)
#......# #.#)#
#)#. ###..###
#.#.###.#.
##..#
#.#.#...#.
#######.######
##.#.#.#.##
......§§.@D..#
#....#.....
#########§##.#
#..#####.## #.#
§# #..........
#.# D#
#.######.##
#.##.#.#.#
#......
#..#.#.#.#
#.##.##
.....#.#)#
#...... #..
...#.# ###....
#... #.#.###
#....


You could see a steam dragon (very poisoned, catching breath, weak).

Vanquished Creatures
  Jessica (D:2)
  4 gnolls (D:2)
  3 adders
  A shadow imp (D:3)
  4 dart slugs
  A ribbon worm (D:2)
  5 orcs (D:3)
  9 endoplasms
  5 giant cockroaches
  2 goblins
  7 hobgoblins
  2 quokkas
  3 bats
  3 frilled lizards
  3 kobolds
  2 rats (D:1)
55 creatures vanquished.

Notes
Turn   | Place    | Note
-------+----------+-------------------------------------------
     0 | D:1      | Bnni the Octopode Alchemist began the quest for the Orb.
     0 | D:1      | Reached XP level 1. HP: 11/11 MP: 3/3
   215 | D:1      | Found Himos's Assorted Antiques.
   253 | D:1      | Reached XP level 2. HP: 18/18 MP: 3/5
   416 | D:1      | Learned a level 2 spell: Mercury Vapours
   505 | D:1      | Reached skill level 1 in Fighting
   612 | D:1      | Found Sick's Antique Armour Boutique.
   633 | D:1      | Reached skill level 4 in Alchemy
   633 | D:1      | Reached XP level 3. HP: 23/23 MP: 4/6
  1008 | D:2      | Noticed Jessica
  1234 | D:2      | Reached XP level 4. HP: 24/28 MP: 4/7
  1323 | D:2      | Found a faded altar of an unknown god.
  1329 | D:2      | Learned a level 4 spell: Olgreb's Toxic Radiance
  1450 | D:2      | Identified the +2 ring mail of Marbles {Harm rPois}
  1474 | D:2      | Killed Jessica
  1475 | D:2      | Reached skill level 5 in Alchemy
  1475 | D:2      | Reached XP level 5. HP: 19/34 MP: 1/9
  1645 | D:3      | Noticed a steam dragon
  2182 | D:3      | Slain by a steam dragon

Illustrated notes

Levels and vault maps discovered:
D:1:      lightli_arrival_maybe_door_vault, layout_loops_ring, serial_shops,
          nicolae_shop_tiny_waterfront, shop
D:2:      layout_rooms, ebering_ecumenical_altar_petrified,
          kennysheep_generic_room_7, uniq_jessica
D:3:      layout_basic, st_stairs_14

Skill      XL: |  1  2  3  4  5 |
---------------+----------------+-----
Fighting       | 1 2 |  2.3
Alchemy        | 4 5 |  5.2
Spellcasting   | 3 |  3.0
Dodging        | |  2.0
Stealth        | |  2.6
Conjurations   | |  1.0

Action                     |  1- 3 |  4- 6 || total
---------------------------+-------+-------++-------
  Melee: Unarmed           |     7 |       ||     7
         Tentacles         |     4 |     9 ||    13
         Constrict         |     3 |     7 ||    10
         Short sword       |    12 |    26 ||    38
         Punch             |     1 |       ||     1
   Cast: Sting             |    42 |    38 ||    80
         Olgreb's Toxic Ra |       |     1 ||     1
         Mercury Vapours   |       |     1 ||     1
 Armour: Skin              |    11 |    17 ||    28
  Dodge: Dodged            |    16 |    24 ||    40

Table legend: (Time is in decaauts)
 A = Elapsed time spent in this place.
 B = Non-inter-level travel time spent in this place.
 C = Inter-level travel time spent in this place.
 D = Time resting spent in this place.
 E = Time spent auto-exploring this place.
 F = Levels seen in this place.
 G = Mean time per level.
                   A        B        C        D        E       F      G
               +--------+--------+--------+--------+--------+-----+--------+
         Total |   2186 |   2116 |     70 |    264 |   1451 |   3 |  728.7 |
       Dungeon |   2186 |   2116 |     70 |    264 |   1451 |   3 |  728.7 |
               +--------+--------+--------+--------+--------+-----+--------+

Top non-repeatable levels by time:
     D:1: 1009 daAuts
     D:2: 691 daAuts
     D:3: 486 daAuts
